 Dungeon Crawl Stone Soup version 0.27-a0-1137-g3ef0f4ec91 (webtiles) character file.

Game seed: 16077733458265039702

47 leviel the Skirmisher (level 3, 0/29 HPs)
             Began as a Demonspawn Monk on May 6, 2021.
             Slain by a black bear (2 damage)
             ... on level 3 of the Dungeon.
             The game lasted 00:02:48 (2442 turns).

leviel the Skirmisher (Demonspawn Monk)             Turns: 2442, Time: 00:02:49

Health: 0/29       AC:  2    Str: 11    XL:     3   Next: 48%
Magic:  3/3        EV: 13    Int: 12    God:
Gold:   93         SH:  0    Dex: 15    Spells: 1/2 levels left

rFire    . . .     SeeInvis .   (no weapon)
rCold    . . .     Faith    .   (no shield)
rNeg     . . .     Spirit   .   b - +0 robe
rPois    .         Reflect  .   (no helmet)
rElec    .         Harm     .   (no cloak)
rCorr    .         Rampage  .   (no gloves)
Will     .....                  (no boots)
Stlth    ++........             (no amulet)
HPRegen  0.09/turn              (no ring)
MPRegen  0.16/turn              (no ring)

@: no status effects
A: magic regeneration, demonic magic 1
a: no special abilities


You were on level 3 of the Dungeon.
You visited 1 branch of the dungeon, and saw 3 of its levels.

You collected 93 gold pieces.

Inventory:

Hand Weapons
 a - a +0 mace
Armour
 b - a +0 robe (worn)
Jewellery
 k - a +6 ring of strength
Scrolls
 c - a scroll of fog {unknown}
 d - a scroll of acquirement {unknown}
 e - a scroll of identify {unknown}
 n - a scroll of immolation {unknown}
Potions
 f - a potion of brilliance {unknown}
 g - 2 potions of heal wounds {unknown}
 h - 2 potions of haste {unknown}
 i - a potion of attraction {unknown}
 j - 2 potions of curing {unknown}
 l - a potion of degeneration {unknown}
 m - a potion of mutation {unknown}


   Skills:
 + Level 3.3 Fighting
 + Level 3.2 Maces & Flails
 + Level 3.0 Dodging
 + Level 2.3 Stealth
 + Level 0.1 Unarmed Combat
 * Level 0.1 Spellcasting
 * Level 0.2 Transmutations


You had one spell level left.
You knew the following spells:

 Your Spells              Type           Power      Damage    Failure   Level
a - Beastly Appendage     Tmut           0%         N/A       30%         1

Your spell library contained the following spells:

 Spells                   Type           Power      Damage    Failure   Level
 Wereblood                Tmut           0%         N/A       41%         2
 Spider Form              Tmut/Pois      0%         N/A       67%         3
 Ice Form                 Ice/Tmut       0%         N/A       97%         4
 Hydra Form               Tmut           0%         N/A       100%        5


Dungeon Overview and Level Annotations

Branches:
Dungeon (3/15)

Altars:


Innate Abilities, Weirdness & Mutations

You regenerate magic rapidly.
Spells you cast may paralyse adjacent enemies.


Message History

There is an escape hatch in the floor here.
There is a stone staircase leading down here.
You climb downwards.
There is a stone staircase leading up here.
A black bear is nearby!
You grow a pair of large bovine horns.
Your feet morph into talons.
Malevolent energies surge around you.
The black bear growls angrily.
Okay, then.
You see here a +0 flail.
The black bear closely misses you. The black bear claws you. x2
You hit the black bear. You headbutt the black bear.
The black bear is lightly wounded.
The black bear barely misses you. The black bear claws you.
The black bear claws you but does no damage.
You barely miss the black bear. You claw the black bear.
Your headbutt misses the black bear.
The black bear is moderately wounded.
The black bear bites you. The black bear claws you.
The black bear closely misses you.
You hit the black bear but do no damage.
Your kick misses the black bear. Your headbutt misses the black bear.
The black bear is moderately wounded.
The black bear bites you. The black bear claws you. The black bear misses you.
You are too injured to fight recklessly!
You hit the black bear.
The black bear is moderately wounded.
The black bear closely misses you. The black bear claws you. x2
You hit the black bear.
You headbutt the black bear, but do no damage.
The black bear is heavily wounded.
The black bear completely misses you. The black bear claws you.
The black bear barely misses you.
You hit the black bear. You headbutt the black bear.
The black bear is severely wounded.
Your horns disappear.
Your talons disappear.
The black bear bites you!
* * * LOW HITPOINT WARNING * * *
The black bear misses you. The black bear claws you.
You die...

...# #.# #..# #.#
###..# #.# ....# #.# #
#..# #.# #.###..####.#
.#?
#.........).###.... #
####.#.###.<.......
#.####.###.#..@h......
#.....## ##..)########
####.#.###.#.##
#.##.#.##.# #.#
#.###.# #(# #.# #.#
#.# #.# #.#
##.###.###<#
............#


You could see a black bear.

Vanquished Creatures
  A worm (D:2)
  2 dart slugs (D:1)
  5 bats
  2 endoplasms
  A giant cockroach (D:1)
  6 goblins
  2 hobgoblins (D:1)
  2 jackals (D:1)
  3 quokkas
  3 frilled lizards (D:1)
  7 kobolds
  2 rats (D:2)
36 creatures vanquished.

Notes
Turn   | Place    | Note
-------+----------+-------------------------------------------
     0 | D:1      | leviel the Demonspawn Monk began the quest for the Orb.
     0 | D:1      | Reached XP level 1. HP: 18/18 MP: 1/1
    93 | D:1      | Found a faded altar of an unknown god.
   161 | D:1      | Gained mutation: Spells you cast may paralyse adjacent
                  | enemies. [demonic ancestry]
   161 | D:1      | Reached XP level 2. HP: 17/24 MP: 2/2
   860 | D:1      | Learned a level 1 spell: Beastly Appendage
  1068 | D:2      | Gained mutation: You regenerate magic rapidly. [demonic
                  | ancestry]
  1068 | D:2      | Reached XP level 3. HP: 17/29 MP: 1/3
  2214 | D:2      | You fall into a shaft and drop 1 floor!
  2230 | D:3      | Noticed a black bear
  2442 | D:3      | Slain by a black bear

Illustrated notes

Levels and vault maps discovered:
D:1:      dpeg_arrival_long_road, layout_basic,
          ebering_ecumenical_altar_sacrificial
D:2:      layout_basic, roderic_roman_lattice
D:3:      layout_loops_ring, uniq_crazy_yiuf_cottage

Skill      XL: |  1  2 |
---------------+-------+-----
Maces & Flails | 3 |  3.2
Dodging        | 3 |  3.0
Stealth        | 2 |  2.3
Fighting       | |  3.3
Unarmed Combat | |  0.1
Spellcasting   | |  0.1
Transmutations | |  0.2

Action                   || total
-------------------------++-------
Melee: Mace              ||    51
       Unarmed           ||    71
       Kick              ||     9
       Headbutt          ||     8
 Cast: Beastly Appendage ||    14
 Stab: Sleeping          ||    13
       Paralysed         ||     9
Armor: Robe              ||    20
Dodge: Dodged            ||    84

Table legend: (Time is in decaauts)
 A = Elapsed time spent in this place.
 B = Non-inter-level travel time spent in this place.
 C = Inter-level travel time spent in this place.
 D = Time resting spent in this place.
 E = Time spent auto-exploring this place.
 F = Levels seen in this place.
 G = Mean time per level.
                   A        B        C        D        E       F      G
               +--------+--------+--------+--------+--------+-----+--------+
         Total |   2454 |   2287 |    167 |    331 |   1658 |   3 |  818.0 |
       Dungeon |   2454 |   2287 |    167 |    331 |   1658 |   3 |  818.0 |
               +--------+--------+--------+--------+--------+-----+--------+

Top non-repeatable levels by time:
     D:2: 1422 daAuts
     D:1: 992 daAuts
     D:3: 39 daAuts
